Map: Акрополь РВ

Players

Murena - Winner!

  • Race: Zerg Zerg
  • Spawn Location: 11:00

ИИ 1 (новичок)

  • Race: Terran Terran
  • Spawn Location: 5:00

VOD

Have the link to the VOD?

Description

Time

  • Played on: Aug. 16, 2019, 2:21 p.m.
  • Length: 5:19
Show
View Real Time Build Order
Export as new Build Order

Murena Zerg - Winner!

Build Orders: Pool First 

Get SALT Encoding   

  12  0:20  Spawning Pool  
  11  0:26  Overlord  
  11  0:32  Drone  
  12  0:36  Drone  
  13  0:45  Extractor  
  13  0:48  Drone  
  13  0:54  Drone  
  14  1:03  Drone  
  15  1:11  Queen  
  15  1:16  Zergling x2  
  18  1:22  Drone  
  19  1:33  Overlord  
  19  1:43  Drone  
  20  1:47  Metabolic Boost  
  20  1:58  Drone  
  21  2:11  Drone  
  22  2:22  Zergling x4  
  24  2:26  Zergling x4  
  26  2:30  Zergling x2  
  27  2:38  Zergling x2  
  28  2:55  Hatchery  
  27  3:08  Zergling x6  
  27  3:10  Overlord  
  30  3:16  Lair  
  30  3:20  Overlord  
  30  3:35  Baneling Nest  
  30  3:40  Roach Warren  
  28  3:44  Zergling x4  
  28  3:45  Drone  
  28  3:46  Drone x2  
  33  4:04  Drone x2  
  33  4:07  Queen  
  37  4:16  Drone x3  
  37  4:17  Drone  
  41  4:21  Baneling x4  
  41  4:25  Baneling  
  41  4:26  Baneling x2  
  41  4:31  Drone  
  42  4:32  Drone  
  43  4:41  Drone x3  
  46  4:46  Overlord  
Show
View Real Time Build Order
Export as new Build Order

ИИ 1 (новичок) Terran 

Build Orders:  

Get SALT Encoding   

  12  0:00  SCV  
  13  0:13  SCV  
  14  0:17  Supply Depot  
  14  0:37  Refinery  
  14  0:43  Barracks  
  14  1:05  Supply Depot  
  14  1:13  SCV  
  15  1:26  SCV  
  15  1:30  Marine  
  17  1:38  SCV  
  18  1:50  SCV  
  20  1:54  Reaper  
  20  2:02  SCV  
  21  2:14  SCV  
  22  2:26  Orbital Command  
  22  4:07  SCV  
  22  4:49  SCV, Marine  
  22  4:51  Refinery  
  24  4:54  Factory  
  24  4:56  Supply Depot  
  22  5:01  SCV  
Tags
 
Add a new tag
Caveats
  • Supply blocks, unpowered buildings, or Contaminate may cause inaccurate times.
  • Supply counts are checked every 10 seconds.